 Dungeon Crawl Stone Soup version 0.31.0-12-g77e489cdc1 (webtiles) character file.

Game seed: 11533189869008505413

3089 jimonade the Blocker (level 9, -13/74 HPs)
             Began as a Gnoll Fighter on Feb 25, 2024.
             Was a High Priest of Jiyva.
             Mangled by a two-headed ogre
             ... wielding a +0 giant club
              (30 damage)
             ... on level 9 of the Dungeon on Feb 26, 2024.
             The game lasted 00:15:59 (6598 turns).

jimonade the Blocker (Gnoll Fighter)                Turns: 6598, Time: 00:16:00

Health: -13/74     AC:  9    Str: 24    XL:     9   Next: 89%
Magic:  12/16      EV: 10    Int: 10    God:    Jiyva [*****.]
Gold:   373        SH:  0    Dex: 11    Spells: 17/17 levels left

rFire   + . .        a - +5 battleaxe
rCold   . . .        (shield currently unavailable)
rNeg    . . .        m - +0 chain mail
rPois   .            (helmet restricted)
rElec   .            t - +0 cloak
rCorr   +            (no gloves)
SInv    .            X - +0 pair of boots
Will    .....        (no amulet) Stlth
                     k - +6 ring of strength
HPRegen 1.76/turn    (no ring)
MPRegen 0.87/turn

%: no passive effects
@: slimy
A: fangs 1, strong nose, distributed training, horns 1, fire resistance 1,
pseudopods 3, MP-powered wands
a: Renounce Religion, Oozemancy, Slimify


You were on level 9 of the Dungeon.
You worshipped Jiyva.
Jiyva was extremely pleased with you.
You visited 1 branch of the dungeon, and saw 9 of its levels.

You collected 373 gold pieces.

Inventory:

Hand Weapons
 a - a +5 battleaxe (weapon)
 b - a +0 spear
 q - a +0 trident
 r - a +3 quarterstaff of chaos
 s - the +1 hammer of Vanity {freeze, Dex+2}
   (You found it on level 2 of the Dungeon)

   Dex+2:     It affects your dexterity (+2).
 C - a +0 long sword
 E - a +0 halberd
 G - a +2 flail of protection
 K - the +5 hammer of Ceitimaph {venom, Str+3}
   (You found it on level 2 of the Dungeon)

   Str+3:     It affects your strength (+3).
 L - a +3 spear
 M - a +0 war axe
 V - a +0 dagger of electrocution
 Z - a +0 shortbow
Missiles
 u - 49 stones (quivered)
 F - 4 silver javelins
 O - 10 poisoned darts
Armour
 c - a +0 buckler
 e - a +0 scale mail
 m - a +0 chain mail (worn)
 n - a +0 helmet
 t - a +0 cloak (worn)
 v - a +0 leather armour of cold resistance
 y - the +0 scale mail "Boell" {rC++}
   (You found it on level 5 of the Dungeon)

   rC++:      It greatly protects you from cold.
 J - a +0 cloak
 T - a +0 plate armour
 X - a +0 pair of boots (worn)
 Y - a +2 robe of willpower
Magical Staves
 S - a staff of conjuration
Jewellery
 k - a +6 ring of strength (left hand)
 B - a ring of resist corrosion
Wands
 l - a wand of polymorph (36)
 N - a wand of iceblast (12)
 P - a wand of digging (5)
Scrolls
 f - a scroll of noise {unknown}
 g - 2 scrolls of butterflies
 h - 2 scrolls of silence
 j - 2 scrolls of revelation
 w - 2 scrolls of fear
 Q - a scroll of enchant armour {unknown}
 R - a scroll of teleportation {unknown}
 U - a scroll of blinking {unknown}
 W - a scroll of torment {unknown}
Potions
 d - 2 potions of might
 i - 4 potions of curing {unknown}
 o - a potion of mutation {unknown}
 p - 2 potions of enlightenment {unknown}
 x - a potion of brilliance {unknown}
 z - a potion of magic {unknown}
 A - 3 potions of invisibility {unknown}
 D - 2 potions of heal wounds {unknown}
 H - a potion of lignification {unknown}
 I - 2 potions of degeneration {unknown}


   Skills:
 + Level 8.2 Fighting
 + Level 4.8 Short Blades
 + Level 4.8 Long Blades
 + Level 4.8 Axes
 + Level 4.8 Maces & Flails
 + Level 6.7 Polearms
 + Level 4.8 Staves
 + Level 4.8 Ranged Weapons
 + Level 4.8 Throwing
 + Level 8.2 Armour
 + Level 4.8 Dodging
 + Level 4.8 Stealth
 + Level 8.2 Shields
 + Level 4.8 Unarmed Combat
 + Level 4.8 Spellcasting
 + Level 4.0 Conjurations
 + Level 4.0 Hexes
 + Level 4.0 Summonings
 + Level 4.0 Necromancy
 + Level 4.0 Translocations
 + Level 4.0 Fire Magic
 + Level 4.0 Ice Magic
 + Level 4.0 Air Magic
 + Level 4.0 Earth Magic
 + Level 4.0 Alchemy
 + Level 5.3 Invocations
 + Level 4.8 Evocations
 + Level 4.4 Shapeshifting


You had 17 spell levels left.
You didn't know any spells.
Your spell library contained the following spells:

 Spells                   Type           Power      Damage    Failure   Level
 Ensorcelled Hibernation  Hex/Ice        20%        N/A       30%         2
 Frozen Ramparts          Ice            20%        1d4       52%         3
 Passwall                 Erth           10%        N/A       52%         3
 Swiftness                Air            10%        N/A       52%         3
 Leda's Liquefaction      Alch/Erth      5%         N/A       90%         4
 Petrify                  Alch/Erth      10%        N/A       90%         4
 Metabolic Englaciation   Hex/Ice        5%         N/A       99%         5


Dungeon Overview and Level Annotations

Branches:
Dungeon (9/15) Zot: 26818  Temple (0/1) D:4            Lair (0/5) D:8
    Orc: D:9-12

Altars:
Ashenzari
Cheibriados
Dithmenos
Ru
Trog
Vehumet
Wu Jian
Zin
Jiyva


Innate Abilities, Weirdness & Mutations

You have very sharp teeth.
Your uncanny sense of smell can sniff out nearby items.
Your experience applies equally to all skills.
You have a pair of small horns on your head.
Your flesh is heat resistant. (rF+)
Armour fits poorly on your massive pseudopods.
You expend magic power (3 MP) to strengthen your wands.


Message History

Your Air Magic skill increases to level 4!
Your Earth Magic skill increases to level 4!
Your Alchemy skill increases to level 4!
You slice the killer bee!!
You kill the killer bee!
You closely miss the killer bee.
You feel very sick. The killer bee barely misses you.
The killer bee stings you but does no damage.
The killer bee stings you.
* * * LOW HITPOINT WARNING * * *
You miss the killer bee. Your bite misses the killer bee.
Your bludgeon misses the killer bee.
You feel very sick. The killer bee stings you.
* * * LOW HITPOINT WARNING * * *
The killer bee stings you.
* * * LOW HITPOINT WARNING * * *
The killer bee closely misses you.
You slash the killer bee! Your bludgeon misses the killer bee.
The killer bee is heavily wounded.
You feel very sick. The killer bee closely misses you.
The killer bee stings you.
* * * LOW HITPOINT WARNING * * *
You are more poisoned.
The killer bee poisons you! The killer bee closely misses you.
You closely miss the killer bee. Your bite misses the killer bee.
Your bludgeon misses the killer bee.
The killer bee is heavily wounded.
You feel very sick. The killer bee closely misses you.
The killer bee stings you but does no damage.
The killer bee barely misses you.
You miss the killer bee. Your headbutt misses the killer bee.
You bludgeon the killer bee!
You kill the killer bee!
You feel very sick.
You feel sick.
You feel sick.
You feel sick.
You feel sick.
You feel sick.
You feel sick.
You are no longer poisoned.
There is an open door here.
There is a stone staircase leading up here.
You climb upwards.
There is a stone staircase leading down here.
You start resting.
HP restored.
You climb downwards.
There is a stone staircase leading up here.
There is an open door here.
Found a leather armour.
You open the door.
There is an open door here.
Your pack is full.
You see here a scroll labelled UZE FUVVUTHRISI.
You can't carry that many items.
Your pack is full.
You see here a scroll labelled UZE FUVVUTHRISI.
Okay, then.
Unknown command.
As you read the scroll labelled ROUFUO DIORHU, it crumbles to dust.
It is a scroll of identify.
h - 2 scrolls of silence
As you read the scroll of identify, it crumbles to dust.
g - 2 scrolls of butterflies
As you read the scroll of identify, it crumbles to dust.
w - 2 scrolls of fear
As you read the scroll of identify, it crumbles to dust.
j - 2 scrolls of revelation
Okay, then.
f - a scroll labelled UZE FUVVUTHRISI
There are no items here.
You open the door.
There is an open door here.
You open the door.
There is an open door here.
An orc priest, an orc and a two-headed ogre come into view.
Found a ring mail.
The orc priest shouts!
The orc shouts!
The two-headed ogre shouts in stereo!
You hear a shout!
An orc priest comes into view. It is wielding a +0 hand axe.
There is an open door here.
You slash the two-headed ogre! You headbutt the two-headed ogre.
You bludgeon the two-headed ogre, but do no damage.
The two-headed ogre is moderately wounded.
The two-headed ogre hits you with a +0 giant club!!
You shudder from the blow and a jelly pops out!
The two-headed ogre hits you with a +0 giant spiked club!!
* * * LOW HITPOINT WARNING * * *
You shudder from the blow and a jelly pops out!
The orc priest hits your acid blob with a +0 club.
The acid corrodes the orc priest!
The orc priest is burned by acid!
You are too injured to fight recklessly!
You are too injured to fight recklessly!
A thick mucus forms on your +5 battleaxe.
The two-headed ogre hits you with a +0 giant club!!
You die...

#... #... ..o.o
..... ......
....o.#####+#
......O.oJ..#
#.......#O..#
#.......#@..# ∆
#.......#...#
#.......#..J#
........#...#
.:......#...#
##.....##...#
#.[...
#...#####+########
...
#...#............#
....
#...#............+


You could see a two-headed ogre (ally target), an orc priest (corroded), a
friendly acid blob (summoned) and a friendly azure jelly (summoned).

Vanquished Creatures
  The ghost of TheBioAlchemist the Shield-Bearer, a novice FoFi (D:4)
  Grinder (D:4)
  Edmund (D:5)
  2 water moccasins
  Duvessa (D:7)
  5 black bears
  An orc warrior (D:8)
  2 ogres (D:5)
  A centaur (D:9)
  A kobold brigand (D:8)
  Blork the orc (D:6)
  2 scorpions
  Dowan (D:7)
  3 wights (D:6)
  4 killer bees (D:9)
  A howler monkey (D:8)
  A bombardier beetle (D:3)
  3 hounds
  3 orc priests
  A gnoll bouda (D:5)
  A sleepcap (D:5)
  Crazy Yiuf (D:2)
  Jessica (D:2)
  2 orc wizards
  An iguana (D:6)
  4 gnolls
  7 adders
  A shadow imp (D:6)
  3 white imps
  2 ufetubi (D:6)
  A dart slug (D:5)
  6 ribbon worms
  14 orcs
  2 bats (D:1)
  4 endoplasms (D:1)
  6 giant cockroaches (D:2)
  5 goblins
  9 hobgoblins
  3 jackals (D:4)
  13 kobolds
  6 quokkas
  3 ball pythons
  5 frilled lizards
  6 rats
142 creatures vanquished.

Vanquished Creatures (collateral kills)
  An orc wizard (D:8)
1 creature vanquished.

Vanquished Creatures (others)
  A scorpion (D:4)
  A howler monkey (D:7)
  9 jellies
  2 orc priests
  3 adders
  4 gnolls (D:3)
  A white imp (D:7)
  16 orcs
  2 ball pythons
  3 endoplasms (D:4)
  A giant cockroach (D:3)
  2 hobgoblins
  A jackal (D:4)
  A quokka (D:4)
  4 kobolds
  2 rats (D:3)
53 creatures vanquished.

Grand Total: 196 creatures vanquished

Notes
Turn   | Place    | Note
-------+----------+-------------------------------------------
     0 | D:1      | jimonade the Gnoll Fighter began the quest for the Orb.
     0 | D:1      | Reached XP level 1. HP: 23/23 MP: 1/1
   120 | D:1      | Reached XP level 2. HP: 15/29 MP: 2/2
   369 | D:1      | Reached XP level 3. HP: 35/35 MP: 3/3
   894 | D:1      | Reached skill level 1 in Invocations
   937 | D:2      | Reached skill level 1 in Short Blades
   937 | D:2      | Reached skill level 1 in Long Blades
   937 | D:2      | Reached skill level 1 in Axes
   937 | D:2      | Reached skill level 1 in Maces & Flails
   937 | D:2      | Reached skill level 1 in Staves
   937 | D:2      | Reached skill level 1 in Ranged Weapons
   937 | D:2      | Reached skill level 1 in Throwing
   937 | D:2      | Reached skill level 1 in Dodging
   937 | D:2      | Reached skill level 1 in Stealth
   937 | D:2      | Reached skill level 1 in Unarmed Combat
   937 | D:2      | Reached skill level 1 in Spellcasting
   937 | D:2      | Reached skill level 1 in Evocations
   994 | D:2      | Reached skill level 1 in Conjurations
   994 | D:2      | Reached skill level 1 in Hexes
   994 | D:2      | Reached skill level 1 in Summonings
   994 | D:2      | Reached skill level 1 in Necromancy
   994 | D:2      | Reached skill level 1 in Translocations
   994 | D:2      | Reached skill level 1 in Fire Magic
   994 | D:2      | Reached skill level 1 in Ice Magic
   994 | D:2      | Reached skill level 1 in Air Magic
   994 | D:2      | Reached skill level 1 in Earth Magic
   994 | D:2      | Reached skill level 1 in Alchemy
   994 | D:2      | Reached skill level 1 in Shapeshifting
   994 | D:2      | Reached XP level 4. HP: 11/41 MP: 5/5
  1306 | D:2      | Noticed Jessica
  1318 | D:2      | Killed Jessica
  1319 | D:2      | Reached XP level 5. HP: 47/47 MP: 5/7
  1796 | D:2      | Found a runed translucent door.
  1796 | D:2      | Identified the +5 hammer of Ceitimaph {venom, Str+3}
  1799 | D:2      | Noticed Crazy Yiuf
  1806 | D:2      | Killed Crazy Yiuf
  1809 | D:2      | Identified the +1 hammer of Vanity {freeze, Dex+2}
  2178 | D:3      | Found a faded altar of an unknown god.
  2240 | D:3      | Prayed at the altar of an unknown god.
  2240 | D:3      | Became a worshipper of Jiyva Jiputont the Shapeless
  2240 | D:3      | Reached * piety under Jiyva
  2320 | D:3      | Reached XP level 6. HP: 30/53 MP: 8/8
  2357 | D:3      | Found an ornate altar of the Wu Jian Council.
  2496 | D:3      | Found a broken altar of Ashenzari.
  2669 | D:3      | Reached ** piety under Jiyva
  2893 | D:3      | Found a sacrificial altar of Ru.
  2962 | D:4      | You fall into a shaft and drop 2 floors!
  2985 | D:6      | Reached skill level 5 in Polearms
  2999 | D:5      | Entered Level 5 of the Dungeon
  3025 | D:5      | Found a snail-covered altar of Cheibriados.
  3038 | D:5      | Identified the +0 scale mail "Boell" {rC++}
  3045 | D:5      | Noticed a black bear
  3058 | D:5      | Killed a black bear
  3079 | D:5      | Reached XP level 7. HP: 58/60 MP: 10/10
  3183 | D:5      | Noticed Edmund
  3201 | D:5      | Killed Edmund
  3225 | D:5      | Reached *** piety under Jiyva
  3363 | D:5      | Gained mutation: Your flesh is heat resistant. (rF+)
                  | [Jiyva's grace]
  3363 | D:5      | Gained mutation: Your flesh is very heat resistant. (rF++)
                  | [Jiyva's grace]
  3363 | D:5      | Gained mutation: Your flesh is almost immune to the effects
                  | of heat. (rF+++) [Jiyva's grace]
  3363 | D:5      | Gained mutation: You have a pair of small horns on your
                  | head. [Jiyva's grace]
  3553 | D:5      | Reached XP level 8. HP: 46/67 MP: 12/12
  3856 | D:4      | Noticed Grinder
  3859 | D:4      | Paralysed by Grinder for 5 turns
  3865 | D:4      | Paralysed by Grinder for 4 turns
  3873 | D:4      | Killed Grinder
  4116 | D:4      | Found a staircase to the Ecumenical Temple.
  4139 | D:4      | Found a runed translucent gate.
  4139 | D:4      | Found a runed translucent gate.
  4140 | D:4      | Found a runed translucent gate.
  4140 | D:4      | Noticed TheBioAlchemist's ghost (novice FoFi)
  4306 | D:4      | Killed TheBioAlchemist's ghost
  4469 | D:6      | Reached **** piety under Jiyva
  4488 | D:6      | Reached XP level 9. HP: 59/73 MP: 14/14
  4544 | D:6      | Found a bloodstained altar of Trog.
  4586 | D:6      | Noticed Blork the orc
  4590 | D:6      | Killed Blork the orc
  5081 | D:7      | Noticed Duvessa
  5081 | D:7      | Noticed Dowan
  5090 | D:7      | Killed Duvessa
  5112 | D:7      | Killed Dowan
  5313 | D:7      | Reached ***** piety under Jiyva
  5695 | D:7      | Lost mutation: Your flesh is almost immune to the effects
                  | of heat. (rF+++) [Jiyva's grace]
  5695 | D:7      | Lost mutation: Your flesh is very heat resistant. (rF++)
                  | [Jiyva's grace]
  5695 | D:7      | Gained mutation: Armour fits poorly on your pseudopods.
                  | [Jiyva's grace]
  5695 | D:7      | Gained mutation: Armour fits poorly on your large
                  | pseudopods. [Jiyva's grace]
  5695 | D:7      | Gained mutation: Armour fits poorly on your massive
                  | pseudopods. [Jiyva's grace]
  5695 | D:7      | Gained mutation: You expend magic power (3 MP) to
                  | strengthen your wands. [Jiyva's grace]
  5732 | D:8      | Found a staircase to the Lair.
  5786 | D:8      | Reached skill level 5 in Invocations
  5828 | D:8      | HP: 1/74 [something (18)]
  5915 | D:8      | Found a glowing silver altar of Zin.
  6313 | D:8      | Found a shadowy altar of Dithmenos.
  6415 | D:8      | Found a radiant altar of Vehumet.
  6591 | D:9      | Noticed a two-headed ogre
  6598 | D:9      | Mangled by a two-headed ogre

Illustrated notes

Levels and vault maps discovered:
D:1:      lightli_arrival_boilingwater, layout_loops_corners,
          minmay_splitting_lines
D:2:      layout_loops_ring, minmay_close_crescents, uniq_jessica,
          uniq_crazy_yiuf_cottage
D:3:      layout_basic, marbit_many_paths, mainiacjoe_overflow_alcove_2,
          evilmike_ruin_ashenzari, dreamdust_ecumenical_altar_grove
D:4:      minmay_razor_zed, layout_loops_ring, minmay_temple_entry_statues,
          biasface_ghost_orc_armoury, serial_bayou_lagoon_a, uniq_grinder
D:5:      layout_cave_pools, mainiacjoe_overflow_chevrons, uniq_edmund
D:6:      layout_basic, trog_ov_bears_minmay, uniq_blork_the_orc
D:7:      layout_basic, uniq_duvessa
D:8:      layout_loops_cross, kennysheep_mini_moat,
          mainiacjoe_overflow_six_doors_small, fiery_altar_vehumet,
          dpeg_oklobed_lair, serial_library_hellmonk_metal_room
D:9:      cheibrodos_barr_body, layout_gridville, nemelex_spade_bored_becter,
          serial_shops, shop, minmay_fire_ice_demons, uniq_grum

Skill      XL: |  1  2  3  4  5  6  7  8  9 |
---------------+----------------------------+-----
Invocations    | 1 2 3 4 5 |  5.3
Short Blades   | 1 2 3 4 |  4.8
Long Blades    | 1 2 3 4 |  4.8
Axes           | 1 2 3 4 |  4.8
Maces & Flails | 1 2 3 4 |  4.8
Staves         | 1 2 3 4 |  4.8
Ranged Weapons | 1 2 3 4 |  4.8
Throwing       | 1 2 3 4 |  4.8
Dodging        | 1 2 3 4 |  4.8
Stealth        | 1 2 3 4 |  4.8
Unarmed Combat | 1 2 3 4 |  4.8
Spellcasting   | 1 2 3 4 |  4.8
Evocations     | 1 2 3 4 |  4.8
Conjurations   | 1 2 3 4 |  4.0
Hexes          | 1 2 3 4 |  4.0
Summonings     | 1 2 3 4 |  4.0
Necromancy     | 1 2 3 4 |  4.0
Translocations | 1 2 3 4 |  4.0
Fire Magic     | 1 2 3 4 |  4.0
Ice Magic      | 1 2 3 4 |  4.0
Air Magic      | 1 2 3 4 |  4.0
Earth Magic    | 1 2 3 4 |  4.0
Alchemy        | 1 2 3 4 |  4.0
Shapeshifting  | 1 2 3 4 |  4.4
Polearms       | 5 6 |  6.7
Fighting       | 7 8 |  8.2
Armour         | 7 8 |  8.2
Shields        | 7 8 |  8.2

Action                     |  1- 3 |  4- 6 |  7- 9 || total
---------------------------+-------+-------+-------++-------
  Melee: Trident           |   100 |    73 |       ||   173
         Bite              |     4 |    14 |    25 ||    43
         Unarmed           |       |     9 |       ||     9
         Mace              |       |    54 |   111 ||   165
         Headbutt          |       |       |    41 ||    41
         Battleaxe         |       |       |   106 ||   106
         Pseudopods        |       |       |     8 ||     8
 Invoke: Slimify           |       |       |     1 ||     1
    Use: Scroll            |       |       |     4 ||     4
 Armour: Scale mail        |    41 |    23 |       ||    64
         Skin              |       |     1 |       ||     1
         Chain mail        |       |    45 |   254 ||   299
  Dodge: Dodged            |    25 |    40 |   153 ||   218
  Block: Buckler           |    18 |    24 |    32 ||    74
